 Dungeon Crawl Stone Soup version 0.29.1-12-g30fa7ad0bf (webtiles) character file.

Game seed: 15857393397617738836

25 croobank the Conjurer (level 2, -4/20 HPs)
             Began as a Demonspawn Conjurer on Dec 22, 2022.
             Slain by an orc
             ... wielding a +2 flail of holy wrath
              (10 damage)
             ... on level 2 of the Dungeon.
             The game lasted 00:02:30 (1413 turns).

croobank the Conjurer (Demonspawn Conjurer)         Turns: 1413, Time: 00:02:30

Health: -4/20      AC:  3    Str:  7    XL:     2   Next: 86%
Magic:  2/5        EV: 12    Int: 19    God:
Gold:   41         SH:  0    Dex: 11    Spells: 2/5 levels left

rFire   . . .      SeeInvis .   i - +0 dagger
rCold   . . .      Faith    .   (no shield)
rNeg    . . .      Spirit   .   a - +0 robe
rPois   .          Reflect  .   (helmet restricted)
rElec   .          Harm     .   (no cloak)
rCorr   .          Rampage  .   (no gloves)
Will    .....                   k - +0 pair of boots
Stlth   ++........              (no amulet)
HPRegen 0.06/turn               (no ring)
MPRegen 0.09/turn               (no ring)

@: no status effects
A: horns 1
a: no special abilities


You were on level 2 of the Dungeon.
You visited 1 branch of the dungeon, and saw 2 of its levels.

You collected 41 gold pieces.

Inventory:

Hand Weapons
 i - a +0 dagger (weapon)
Armour
 a - a +0 robe (worn)
 j - an orb of wrath
 k - a +0 pair of boots (worn)
Jewellery
 c - a ring of ice
 d - a ring of protection from fire
Scrolls
 f - 2 scrolls of teleportation {unknown}
 g - 4 scrolls of identify {unknown}
 l - a scroll of blinking {unknown}
Potions
 b - a potion of magic
 e - a potion of curing
 h - 2 potions of degeneration {unknown}
 m - a potion of haste {unknown}


   Skills:
 + Level 0.5 Fighting
 + Level 2.1 Dodging
 + Level 2.2 Stealth
 + Level 2.3 Spellcasting
 + Level 4.2 Conjurations


You had 2 spell levels left.
You knew the following spells:

 Your Spells              Type           Power      Damage    Failure   Level
a - Magic Dart            Conj           72%        1d6       3%          1
b - Searing Ray           Conj           36%        2d5       4%          2

Your spell library contained the following spells:

 Spells                   Type           Power      Damage    Failure   Level
 Dazzling Flash           Conj/Hex       20%        N/A       21%         3
 Fulminant Prism          Conj/Hex       5%         3d7       56%         4
 Iskenderun's Mystic Bla  Conj/Tloc      10%        2d4       56%         4


Dungeon Overview and Level Annotations

Branches:
Dungeon (2/15)

Altars:


Innate Abilities, Weirdness & Mutations

You have a pair of small horns on your head.


Message History

Casting: Magic Dart (safe; 3% risk of failure)
Confirm with . or Enter, or press ? or * to list all spells.
Aiming: Magic Dart (safe; 3% risk of failure)
Press: ? - help, Shift-Dir - straight line, f/p - orc
Aim: an orc, wielding a +0 flail and wearing a +0 leather armour (100% to hit)
The magic dart hits the orc.
The orc is heavily wounded.
An orc comes into view. It is wielding a +0 mace.
Casting: Magic Dart (safe; 3% risk of failure)
Confirm with . or Enter, or press ? or * to list all spells.
Aiming: Magic Dart (safe; 3% risk of failure)
Press: ? - help, Shift-Dir - straight line, f/p - orc
Aim: an orc, wielding a +0 flail and wearing a +0 leather armour (heavily wounded, 100% to hit)
The magic dart hits the orc.
The orc is severely wounded.
Your magical contamination has completely faded away.
You see here a bat skeleton.
Found a stone staircase leading up.
There is a stone staircase leading up here.
You climb upwards.
There is a stone staircase leading down here.
You start resting.
Magic restored.
You climb downwards.
The orc hits you with a +0 flail!
There is a stone staircase leading up, spattered with blood here.
Casting: Magic Dart (safe; 3% risk of failure)
Confirm with . or Enter, or press ? or * to list all spells.
Aiming: Searing Ray (safe; 4% risk of failure)
Press: ? - help, Shift-Dir - straight line, f - orc
Aim: an orc, wielding a +0 flail and wearing a +0 leather armour (moderately wounded, 78% to hit)
The searing ray hits the orc.
You kill the orc! (Press . to maintain the ray.)
The searing ray hits the orc.
The orc is moderately wounded.
The orc hits you with a +2 flail of holy wrath!
* * * LOW HITPOINT WARNING * * *
You convulse!
Ouch! That really hurt!
You die...

.## #.........#### ##
###.###........#
#############...# #........#
................###...<....##
##.........####.)...........#
...#############..#.#.....#.#
#### ######...÷##(##...##.#
########.o.o..###o##.#...#.##
.........#######@.##.##.##.#
########## #.####.#.#.## ...
#.###)# ....# ##.#.## ≈....#
#...# .≈....# ##'## ..≈....#
#...# ...≈....# #...# #.≈.#


You could see an orc.

Vanquished Creatures
  2 dart slugs
  2 orcs (D:2)
  5 ball pythons (D:1)
  An endoplasm (D:1)
  2 goblins
  A hobgoblin (D:2)
  A quokka (D:1)
  2 bats (D:2)
  A kobold (D:1)
  A rat (D:1)
18 creatures vanquished.

Notes
Turn   | Place    | Note
-------+----------+-------------------------------------------
     0 | D:1      | croobank the Demonspawn Conjurer began the quest for the
                  | Orb.
     0 | D:1      | Reached XP level 1. HP: 13/13 MP: 3/3
   442 | D:1      | Gained mutation: You have a pair of small horns on your
                  | head. [demonic ancestry]
   442 | D:1      | Reached XP level 2. HP: 19/19 MP: 3/5
   947 | D:2      | Learned a level 2 spell: Searing Ray
  1413 | D:2      | Slain by an orc

Illustrated notes

Levels and vault maps discovered:
D:1:      dpeg_arrival_rhombus, layout_basic
D:2:      layout_rooms, st_stairs_11, chequers_serial_rivers_micro_e,
          minmay_crystal_water, grunt_decor_clamped, uniq_sigmund, uniq_jessica

Skill      XL: |  1 |
---------------+----+-----
Stealth        | 2 |  2.2
Dodging        | 2 |  2.1
Fighting       | |  0.5
Spellcasting   | |  2.3
Conjurations   | |  4.2

Action                   || total
-------------------------++-------
Melee: Dagger            ||     5
       Headbutt          ||     1
 Cast: Magic Dart        ||    29
       Searing Ray       ||     2
  Use: Potion            ||     3
       Scroll            ||     1
Dodge: Dodged            ||     4
